 Dungeon Crawl Stone Soup version 0.19-a0-1204-g250f30a (webtiles) character file.

25 pszszszszsz the Digger (level 3, 0/19 HPs)
             Began as a Gargoyle Earth Elementalist on Aug 21, 2016.
             Slain by an adder (2 damage)
             ... on level 2 of the Dungeon.
             The game lasted 00:02:51 (1489 turns).

pszszszszsz the Digger (GrEE)                       Turns: 1489, Time: 00:02:51

Health: 0/19       AC:  5    Str: 11    XL:     3   Next: 6%
Magic:  7/7        EV: 12    Int: 16    God:
Gold:   65         SH:  0    Dex: 10    Spells: 2 memorised, 3 levels left

rFire  . . .     SeeInvis .     a - +0 spear
rCold  . . .     Gourm    .     c - +0 robe
rNeg   + . .     Faith    .     (no shield)
rPois  ∞         Spirit   .     (no helmet)
rElec  +         Dismiss  .     (no cloak)
rCorr  .         Reflect  .     (no gloves)
MR     .....     Harm     .     (no boots)
Stlth  ++........               (no amulet)
                                (no ring)
                                (no ring)

@: no status effects
A: negative energy resistance 1, electricity resistance, unbreathing,
petrification resistance, rot immunity, AC +3
a: no special abilities


You were on level 2 of the Dungeon.
You were not hungry.

You visited 1 branch of the dungeon, and saw 2 of its levels.

You collected 65 gold pieces.

Inventory:

Hand Weapons
 a - a +0 spear (weapon)
Missiles
 b - 17 stones (quivered)
Armour
 c - a +0 robe (worn)
 o - a +2 ring mail of poison resistance
Scrolls
 f - 2 scrolls of remove curse {unknown}
 g - a scroll of amnesia {unknown}
 i - 4 scrolls of identify {unknown}
 m - a scroll of recharging {unknown}
 n - a scroll of magic mapping {unknown}
Potions
 j - a potion of cancellation {unknown}
 l - a potion of cure mutation {unknown}
 q - a potion of curing {unknown}
Books
 e - a book of Geomancy

   Spells                             Type                      Level
   a - Sandblast                      Earth                        1
   b - Passwall                       Transmutation/Earth          2
   c - Stone Arrow                    Conjuration/Earth            3
   d - Petrify                        Transmutation/Earth          4
   e - Lee's Rapid Deconstruction     Earth                        5
Comestibles
 d - 2 bread rations
 k - a slice of pizza
 p - a beef jerky


   Skills:
 - Level 1.5 Dodging
 - Level 2.1 Stealth
 * Level 2.8 Spellcasting
 + Level 0.0 Conjurations
   Level 0.7 Transmutations
 + Level 4.2 Earth Magic


You had 3 spell levels left.
You knew the following spells:

 Your Spells              Type           Power        Failure   Level  Hunger
a - Sandblast             Erth           ###...       4%          1    #......
b - Stone Arrow           Conj/Erth      #.....       28%         3    ###....


Dungeon Overview and Level Annotations

Branches:
Dungeon (2/15)

Altars:


Innate Abilities, Weirdness & Mutations

You are resistant to torment.
Your stone body is resilient. (AC +3)
You are immune to poison.
You resist negative energy. (rN+)
You are resistant to electric shocks. (rElec)
You can survive without breathing.
You are immune to petrification.
You are immune to rotting.


Message History

You miss the adder. The adder bites you.
You hit the adder.
The adder is moderately wounded.
The adder closely misses you. The adder bites you.
You miss the adder.
The adder is moderately wounded.
The adder closely misses you.
You hit the adder.
The adder is moderately wounded.
The adder bites you.
* * * LOW HITPOINT WARNING * * *
The adder bites you.
* * * LOW HITPOINT WARNING * * *
You are too injured to fight recklessly!
You are too injured to fight recklessly!
You are too injured to fight recklessly!
b - 17 stones (in hand)
a - a +0 spear (weapon)
The adder bites you.
You die...

#.)...........#
######.>....<#
#######.#######
#.......#
#.##########
#.#$......$#
#.#........#
#.#......%.#
#.'.@S.....#
###<.†.....# #
#.!......# +
##+####### #


You could see an adder.

Vanquished Creatures
  A worm (D:2)
  A giant gecko (D:1)
  A giant cockroach (D:2)
  4 goblins
  2 hobgoblins
  5 kobolds
  2 quokkas (D:2)
  2 bats
  A rat (D:2)
19 creatures vanquished.

Notes
Turn   | Place    | Note
-------+----------+-------------------------------------------
     0 | D:1      | pszszszszsz the Gargoyle Earth Elementalist began the quest for the Orb.
     0 | D:1      | Reached XP level 1. HP: 10/10 MP: 3/3
   377 | D:1      | Reached XP level 2. HP: 15/15 MP: 5/5
   505 | D:1      | Reached skill level 4 in Earth Magic
  1393 | D:2      | Reached XP level 3. HP: 19/19 MP: 0/7
  1398 | D:2      | Learned a level 3 spell: Stone Arrow
  1489 | D:2      | Slain by an adder

Vault maps used:
D:1:      dpeg_arrival_connections

Skill      XL: |  1  2 |
---------------+-------+-----
Earth Magic    | 4 |  4.2
Dodging        | |  1.5
Stealth        | |  2.1
Spellcasting   | |  2.8
Transmutations | |  0.7

Action                   || total
-------------------------++-------
Melee: Spear             ||    83
 Cast: Sandblast         ||     8
 Stab: Sleeping          ||     3
  Eat: Chunk             ||     2
Armor: Robe              ||    16
Dodge: Dodged            ||    48
